 Dungeon Crawl Stone Soup version coffee-0.2.0 (webtiles) character file.

Game seed: 2345140427826679419, levelgen mode: deterministic

424 Dorkslayer the Shield-Bearer (level 6, -2/53 HPs)
             Began as a Minotaur Fighter on Oct 28, 2020.
             Was a Follower of Okawaru.
             Slain by an orc wizard
             ... wielding a +1 dagger of electrocution
              (10 damage)
             ... on level 4 of the Dungeon.
             The game lasted 00:09:11 (2574 turns).

Dorkslayer the Shield-Bearer (Minotaur Fighter)     Turns: 2574, Time: 00:09:12

Health: -2/53      AC:  9    Str: 23    XL:     6   Next: 64%
Magic:  6/6        EV: 19    Int:  5    God:    Okawaru [*.....]
Gold:   275        SH: 11    Dex:  9    Spells: 5/5 levels left

rFire    . . .     SeeInvis .   i - +1 short sword (elec)
rCold    . . .     Gourm    .   c - +0 kite shield
rNeg     . . .     Faith    .   b - +0 scale mail
rPois    .         Spirit   .   (helmet restricted)
rElec    .         Reflect  .   A - +0 cloak
rCorr    .         Harm     .   (no gloves)
MR       .....                  (no boots)
Stlth    +.........             y - amulet of regeneration
HPRegen  0.57/turn              n - +3 ring of evasion
MPRegen  0.10/turn              w - +6 ring of evasion

@: no status effects
A: retaliatory headbutt, horns 2
a: Heroism, Renounce Religion


You were on level 4 of the Dungeon.
You worshipped Okawaru.
Okawaru was aware of your devotion.
You were not hungry.

You visited 2 branches of the dungeon, and saw 5 of its levels.

You collected 275 gold pieces.

Inventory:

Hand Weapons
 a - a +0 long sword
 i - a +1 short sword of electrocution (weapon)
 q - a +0 short sword of flaming
Missiles
 x - a throwing net (quivered)
Armour
 b - a +0 scale mail (worn)
 c - a +0 kite shield (worn)
 A - a +0 cloak (worn)
Jewellery
 n - a +3 ring of evasion (left hand)
 w - a +6 ring of evasion (right hand)
 y - an amulet of regeneration (around neck)
Wands
 j - a wand of iceblast (3)
 o - a wand of random effects (14)
 p - a wand of digging (9)
 C - a wand of acid (8)
Scrolls
 e - 2 scrolls of summoning
 g - 4 scrolls of teleportation
 h - 3 scrolls of remove curse
 k - a scroll of amnesia
 m - a scroll of fear
 r - a scroll of silence
 s - a scroll of immolation
 u - a scroll of enchant armour
 D - a scroll of magic mapping
 E - a scroll of fog
Potions
 d - a potion of might
 l - a potion of flight
 t - 3 potions of curing
 z - a potion of haste
 B - a potion of stabbing
Comestibles
 f - 4 rations
 v - 16 chunks of flesh


   Skills:
 + Level 4.4(6.7) Fighting
 + Level 3.3(3.7) Short Blades
 + Level 2.6(3.6) Long Blades
 + Level 5.1(7.0) Armour
 + Level 1.6(5.4) Dodging
 + Level 5.4(7.2) Shields
 * Level 1.2(1.8) Invocations
 * Level 1.7(2.0) Evocations


You had 5 spell levels left.
You didn't know any spells.
Your spell library was empty.

Dungeon Overview and Level Annotations

Branches:
Dungeon (4/10)             Temple (1/1) D:2

Altars:
Ashenzari
Elyvilon
Gozag
Hepliaklqana
Makhleb
Okawaru
Sif Muna
Trog
Vehumet
Wu Jian
Xom


Innate Abilities, Weirdness & Mutations

You reflexively headbutt those who attack you in melee.
You have a pair of horns on your head.


Message History

You are confused.
You completely miss something. Your headbutt misses something.
Something hits you but does no damage.
You barely miss something. Something hits you but does no damage.
You miss something. Something hits you.
You are electrocuted!
You bump into the rock wall.
Something hits you but does no damage.
You are electrocuted!
* * * LOW HITPOINT WARNING * * *
You completely miss something.
You feel less confused. Something hits you but does no damage.
You feel better. Something hits you but does no damage.
You are electrocuted!
* * * LOW HITPOINT WARNING * * *
Okay, then.
You closely miss something. Your headbutt misses something.
Something hits you but does no damage.
You closely miss something. Something hits you but does no damage.
You miss something. Something hits you but does no damage.
You are electrocuted!
You die...

'.. .#.....# #....... #..
.#.....######.....
#.##'##.........#.####
#.....#.......#.#.#
###+#.....#.......#'#.#
#......Z..#...........####
#....oo...######......#...
#...o{##########...)))#.##
#.....#o{@.....'......#.#<
##.....#o########......#...
#...............>...(.)####
#.##.#.#.##########........
# #.#.#.# #.#.....# #+#.#.#
#.#.....# ..#.# #.#....)#
..#.# #.'...... ......
###..(...


You could see 2 orcs.

Vanquished Creatures
  A hound (D:4)
  An orc priest (D:4)
  4 orc wizards
  A worker ant (D:4)
  Robin (D:2)
  A howler monkey skeleton (D:4)
  5 gnolls
  7 adders
  2 oozes (D:3)
  4 worms (D:2)
  4 dart slugs (D:3)
  A leopard gecko (D:1)
  4 orcs
  5 giant cockroaches
  16 goblins
  10 hobgoblins
  6 kobolds
  A quokka (D:3)
  6 bats
  3 frilled lizards
  A rat (D:1)
84 creatures vanquished.

Notes
Turn   | Place    | Note
-------+----------+-------------------------------------------
     0 | D:1      | Dorkslayer the Minotaur Fighter began the quest for the
                  | Orb.
     0 | D:1      | Reached XP level 1. HP: 19/19 MP: 0/0
   203 | D:1      | Reached XP level 2. HP: 27/27 MP: 1/1
   716 | D:2      | Reached skill level 1 in Dodging
   716 | D:2      | Reached XP level 3. HP: 27/33 MP: 2/2
   840 | D:2      | Found an opulent altar of Gozag.
   960 | D:2      | Noticed Robin
   975 | D:2      | Reached XP level 4. HP: 38/40 MP: 3/3
   982 | D:2      | Reached skill level 1 in Evocations
   994 | D:2      | Killed Robin
  1303 | D:2      | Found a staircase to the Ecumenical Temple.
  1326 | Temple   | Entered the Ecumenical Temple
  1409 | Temple   | Became a worshipper of Warmaster Okawaru
  1439 | D:2      | Found a white marble altar of Elyvilon.
  1444 | D:2      | Reached skill level 1 in Short Blades
  1511 | D:2      | Reached skill level 5 in Shields
  1511 | D:2      | Reached XP level 5. HP: 30/46 MP: 4/4
  1698 | D:3      | Found a faded altar of an unknown god.
  2177 | D:3      | Reached * piety under Okawaru
  2378 | D:4      | Reached XP level 6. HP: 53/53 MP: 6/6
  2480 | D:4      | Reached skill level 1 in Invocations
  2482 | D:4      | Reached skill level 5 in Armour
  2508 | D:4      | Found a hazy altar of Hepliaklqana.
  2574 | D:4      | Slain by an orc wizard

Levels and vault maps discovered:
D:1:      dpeg_arrival_three_bigger_balls, layout_basic, minmay_misc_feat_iff
D:2:      layout_loops_ring, lemuel_round_altar, grunt_gozag_statues,
          minmay_temple_entry_purple_smoke, first_ration, uniq_robin
D:3:      minmay_inner_zag, layout_rooms, serial_bayou, serial_bayou_ford_a,
          serial_bayou_pond_d, serial_bayou_lagoon_b, serial_bayou_lagoon_a,
          serial_bayou_pond_d, chequers_ecumenical_altar_simple_redux
D:4:      layout_basic, lemuel_zombie_altar_yredelemnul, zin_statuary,
          kennysheep_mini
Temple:   dpeg_chambers_temple

Skill      XL: |  1  2  3  4  5  6 |
---------------+-------------------+-----
Shields        | 4 5 |  5.4
Armour         | 4 5 |  5.1
Dodging        | 1 |  1.6
Fighting       | 4 |  4.4
Evocations     | 1 |  1.7
Short Blades   | 1 2 3 |  3.3
Invocations    | 1 |  1.2
Long Blades    | |  2.6

Action                   |  1- 3 |  4- 6 || total
-------------------------+-------+-------++-------
Melee: Short sword       |    67 |   147 ||   214
       Headbutt          |    13 |    24 ||    37
  Use: Potion            |       |     1 ||     1
  Eat: Chunk             |       |     2 ||     2
       Ration            |       |     1 ||     1
Armor: Scale mail        |    24 |    26 ||    50
Dodge: Dodged            |    18 |    57 ||    75
Block: Kite shield       |    34 |    71 ||   105
